 Dungeon Crawl Stone Soup version 0.28.0-53-g5a82cb258f (webtiles) character file.

Game seed: 460033058145775310

224 Peloso the Covered (level 5, -3/46 (47) HPs)
             Began as a Minotaur Fighter on Aug 10, 2022.
             Slain by a wight
             ... wielding a +2 mace
              (4 damage)
             ... on level 4 of the Dungeon.
             The game lasted 00:03:13 (2600 turns).

Peloso the Covered (Minotaur Fighter)               Turns: 2600, Time: 00:03:14

HP:   -3/46 (47)    AC:  9    Str: 20    XL:     5   Next: 67%
MP:   4/4           EV:  7    Int:  5    God:
Gold: 161           SH:  5    Dex: 12    Spells: 4/4 levels left

rFire   . . .      SeeInvis .   a - +0 long sword
rCold   . . .      Faith    .   c - +0 buckler
rNeg    . . .      Spirit   .   b - +0 chain mail
rPois   .          Reflect  .   (helmet restricted)
rElec   .          Harm     .   (no cloak)
rCorr   .          Rampage  .   (no gloves)
Will    .....                   (no boots)
Stlth   ..........              (no amulet)
HPRegen 0.15/turn               (no ring)
MPRegen 0.09/turn               (no ring)

@: mighty, lightly drained
A: horns 2, retaliatory headbutt
a: no special abilities


You were on level 4 of the Dungeon.
You visited 1 branch of the dungeon, and saw 4 of its levels.

You collected 161 gold pieces.

Inventory:

Hand Weapons
 a - a +0 long sword (weapon)
Armour
 b - a +0 chain mail (worn)
 c - a +0 buckler (worn)
Jewellery
 i - an amulet of faith
Scrolls
 g - a scroll of amnesia {unknown}
 j - 2 scrolls of identify {unknown}
Potions
 e - a potion of brilliance {unknown}
 f - 2 potions of flight {unknown}
 h - 3 potions of heal wounds {unknown}
 k - a potion of ambrosia {unknown}


   Skills:
 + Level 4.5 Fighting
 + Level 4.1 Long Blades
 + Level 5.3 Armour
 + Level 1.2 Dodging
 + Level 0.7 Stealth
 + Level 4.4 Shields


You had 4 spell levels left.
You didn't know any spells.
Your spell library contained the following spells:

 Spells                   Type           Power      Damage    Failure   Level
 Corpse Rot               Necr/Air       0%         N/A       100%        2
 Poisonous Vapours        Pois/Air       0%         N/A       100%        2
 Iskenderun's Battlesphe  Conj           0%         2d6       100%        5
 Iron Shot                Conj/Erth      0%         9d1       100%        6
 Spellforged Servitor     Conj/Summ      0%         N/A       100%        7


Dungeon Overview and Level Annotations

Branches:
Dungeon (4/15)
 Temple: D:4-7

Altars:

Shops:
D:1 ?=


Innate Abilities, Weirdness & Mutations

You have a pair of horns on your head.
You reflexively headbutt those who attack you in melee.


Message History

You closely miss the orc priest.
The orc priest is moderately wounded.
The orc priest mumbles some strange prayers to Beogh against you.
Pain shoots through your body!
You hit the orc priest. Your headbutt misses the orc priest.
The orc priest is moderately wounded.
You block the orc priest's attack.
You slash the orc priest!
You kill the orc priest!
The wight barely misses you. You furiously retaliate!
You headbutt the wight.
You have reached level 5!
You closely miss the wight.
The wight is moderately damaged.
A wight comes into view. It is wielding a +0 long sword.
The wight hits you with a +2 long sword.
* * * LOW HITPOINT WARNING * * *
You slash the wight!
The wight is almost destroyed.
The wight barely misses you. x2
You closely miss the wight. Your headbutt misses the wight.
The wight is almost destroyed.
The wight closely misses you.
You slash the wight!
You destroy the wight!
The wight hits you but does no damage.
You hit the wight but do no damage. The wight hits you with a +2 war axe.
* * * LOW HITPOINT WARNING * * *
You feel drained.
* * * LOW HITPOINT WARNING * * *
You closely miss the wight. The wight closely misses you.
You hit the wight but do no damage. You headbutt the wight!!
You destroy the wight!
Your life force feels restored.
Your Long Blades skill increases to level 4!
You hit the wight.
The wight is heavily damaged.
The wight hits you with a +2 mace!
* * * LOW HITPOINT WARNING * * *
You feel drained.
You die...

.................o..
.........<..........
##..............).......
........................
##..............o.......
##......##......zz......
#.#.....#.....#oo#Z.....
..#.....#....###z##.....
...............#@###....
)........<.........#....
...###.............#..#.
...##................##
).....................#
.....#..##........(...#
..#.....##....<....####
..##..###.........##
.###..# ##.......##


You could see 3 wights and 3 orcs.

Vanquished Creatures
  2 wights (D:4)
  An orc priest (D:4)
  A hound skeleton (D:4)
  4 adders
  2 dart slugs
  5 orcs
  4 endoplasms
  A giant cockroach (D:3)
  5 goblins
  5 hobgoblins
  7 kobolds
  6 ball pythons
  4 bats
  2 frilled lizards (D:1)
  5 rats
54 creatures vanquished.

Notes
Turn   | Place    | Note
-------+----------+-------------------------------------------
     0 | D:1      | Peloso the Minotaur Fighter began the quest for the Orb.
     0 | D:1      | Reached XP level 1. HP: 19/19 MP: 0/0
    73 | D:1      | Found Roczir's Jewellery Emporium.
   188 | D:1      | Found a faded altar of an unknown god.
   195 | D:1      | Reached XP level 2. HP: 25/27 MP: 1/1
   262 | D:1      | Found Pephocs's Magic Scroll Emporium.
   361 | D:1      | Reached skill level 4 in Armour
   866 | D:2      | Reached XP level 3. HP: 31/33 MP: 2/2
  2110 | D:3      | Reached XP level 4. HP: 38/40 MP: 3/3
  2533 | D:4      | Reached skill level 1 in Dodging
  2584 | D:4      | Reached skill level 5 in Armour
  2593 | D:4      | Reached XP level 5. HP: 18/47 MP: 4/4
  2600 | D:4      | HP: 1/47 [wight/+2 mace (8)]
  2600 | D:4      | Slain by a wight

Illustrated notes

Levels and vault maps discovered:
D:1:      lemuel_arrival_funnel, layout_basic, serial_shops, shop_fountains,
          shop_fountains, hellmonk_ecumenical_altar_pennies_from_heaven,
          minivault_26
D:2:      layout_basic, corexii_hall_statues_s
D:3:      layout_basic
D:4:      layout_cave_pools, gup_sewer_entry_spiral

Skill      XL: |  1  2  3  4  5 |
---------------+----------------+-----
Shields        | 4 |  4.4
Armour         | 4 5 |  5.3
Fighting       | 4 |  4.5
Long Blades    | 3 4 |  4.1
Dodging        | 1 |  1.2
Stealth        | |  0.7

Action                   |  1- 3 |  4- 6 || total
-------------------------+-------+-------++-------
Melee: Long sword        |   101 |    41 ||   142
       Headbutt          |     7 |     7 ||    14
  Use: Potion            |       |     1 ||     1
Armor: Scale mail        |    24 |       ||    24
       Chain mail        |    53 |    20 ||    73
Dodge: Dodged            |    46 |    13 ||    59
Block: Buckler           |    31 |     7 ||    38
